Workbook

Sheet 01_Resumen
A1: Plantilla plan de marketing · Dashboard ejecutivo
A2: Vista de control. La estrategia está en la hoja 02, el plan operativo en la 03 y la ejecución real en la 04.
B4: Presupuesto plan | D4: Gasto real | F4: Leads reales | H4: Clientes reales | J4: Ingresos reales | L4: ROAS real
B5: =SUM('03_Plan_Anual'!$K$8:$K$19) -> 60300 | D5: =SUM('04_Seguimiento'!$C$8:$C$103) -> 60257 | F5: =SUM('04_Seguimiento'!$G$8:$G$103) -> 3022 | H5: =SUM('04_Seguimiento'!$H$8:$H$103) -> 390 | J5: =SUM('04_Seguimiento'!$I$8:$I$103) -> 94466 | L5: =IFERROR(SUM('04_Seguimiento'!$I$8:$I$103)/SUM('04_Seguimiento'!$C$8:$C$103),0) -> 1.5677183
B8: Ritmo mensual | G8: Rendimiento por canal
B9: Mes | C9: Plan € | D9: Real € | E9: Ingresos reales | G9: Canal | H9: Plan € | I9: Real € | J9: Leads | K9: Clientes | L9: Ingresos | M9: ROAS
B10: Ene | C10: ='03_Plan_Anual'!U$20 -> 3750 | D10: =SUMIFS('04_Seguimiento'!$C$8:$C$103,'04_Seguimiento'!$A$8:$A$103,B10) -> 3855 | E10: =SUMIFS('04_Seguimiento'!$I$8:$I$103,'04_Seguimiento'!$A$8:$A$103,B10) -> 6264 | G10: SEO/Contenido | H10: =SUMIFS('03_Plan_Anual'!$K$8:$K$19,'03_Plan_Anual'!$D$8:$D$19,G10) -> 5400 | I10: =SUMIFS('04_Seguimiento'!$C$8:$C$103,'04_Seguimiento'!$B$8:$B$103,G10) -> 5518 | J10: =SUMIFS('04_Seguimiento'!$G$8:$G$103,'04_Seguimiento'!$B$8:$B$103,G10) -> 348 | K10: =SUMIFS('04_Seguimiento'!$H$8:$H$103,'04_Seguimiento'!$B$8:$B$103,G10) -> 38 | L10: =SUMIFS('04_Seguimiento'!$I$8:$I$103,'04_Seguimiento'!$B$8:$B$103,G10) -> 9162 | M10: =IFERROR(L10/I10,0) -> 1.6603842
B11: Feb | C11: ='03_Plan_Anual'!V$20 -> 4240.9091 | D11: =SUMIFS('04_Seguimiento'!$C$8:$C$103,'04_Seguimiento'!$A$8:$A$103,B11) -> 4401 | E11: =SUMIFS('04_Seguimiento'!$I$8:$I$103,'04_Seguimiento'!$A$8:$A$103,B11) -> 6679 | G11: Email | H11: =SUMIFS('03_Plan_Anual'!$K$8:$K$19,'03_Plan_Anual'!$D$8:$D$19,G11) -> 4200 | I11: =SUMIFS('04_Seguimiento'!$C$8:$C$103,'04_Seguimiento'!$B$8:$B$103,G11) -> 4181 | J11: =SUMIFS('04_Seguimiento'!$G$8:$G$103,'04_Seguimiento'!$B$8:$B$103,G11) -> 173 | K11: =SUMIFS('04_Seguimiento'!$H$8:$H$103,'04_Seguimiento'!$B$8:$B$103,G11) -> 37 | L11: =SUMIFS('04_Seguimiento'!$I$8:$I$103,'04_Seguimiento'!$B$8:$B$103,G11) -> 8993 | M11: =IFERROR(L11/I11,0) -> 2.1509208
B12: Mar | C12: ='03_Plan_Anual'!W$20 -> 1800.9091 | D12: =SUMIFS('04_Seguimiento'!$C$8:$C$103,'04_Seguimiento'!$A$8:$A$103,B12) -> 1799 | E12: =SUMIFS('04_Seguimiento'!$I$8:$I$103,'04_Seguimiento'!$A$8:$A$103,B12) -> 3225 | G12: Meta Ads | H12: =SUMIFS('03_Plan_Anual'!$K$8:$K$19,'03_Plan_Anual'!$D$8:$D$19,G12) -> 17500 | I12: =SUMIFS('04_Seguimiento'!$C$8:$C$103,'04_Seguimiento'!$B$8:$B$103,G12) -> 17831 | J12: =SUMIFS('04_Seguimiento'!$G$8:$G$103,'04_Seguimiento'!$B$8:$B$103,G12) -> 948 | K12: =SUMIFS('04_Seguimiento'!$H$8:$H$103,'04_Seguimiento'!$B$8:$B$103,G12) -> 95 | L12: =SUMIFS('04_Seguimiento'!$I$8:$I$103,'04_Seguimiento'!$B$8:$B$103,G12) -> 22995 | M12: =IFERROR(L12/I12,0) -> 1.289608
B13: Abr | C13: ='03_Plan_Anual'!X$20 -> 4200.9091 | D13: =SUMIFS('04_Seguimiento'!$C$8:$C$103,'04_Seguimiento'!$A$8:$A$103,B13) -> 4191 | E13: =SUMIFS('04_Seguimiento'!$I$8:$I$103,'04_Seguimiento'!$A$8:$A$103,B13) -> 5307 | G13: Google Ads | H13: =SUMIFS('03_Plan_Anual'!$K$8:$K$19,'03_Plan_Anual'!$D$8:$D$19,G13) -> 13900 | I13: =SUMIFS('04_Seguimiento'!$C$8:$C$103,'04_Seguimiento'!$B$8:$B$103,G13) -> 13872 | J13: =SUMIFS('04_Seguimiento'!$G$8:$G$103,'04_Seguimiento'!$B$8:$B$103,G13) -> 695 | K13: =SUMIFS('04_Seguimiento'!$H$8:$H$103,'04_Seguimiento'!$B$8:$B$103,G13) -> 85 | L13: =SUMIFS('04_Seguimiento'!$I$8:$I$103,'04_Seguimiento'!$B$8:$B$103,G13) -> 20533 | M13: =IFERROR(L13/I13,0) -> 1.4801759
B14: May | C14: ='03_Plan_Anual'!Y$20 -> 6100.9091 | D14: =SUMIFS('04_Seguimiento'!$C$8:$C$103,'04_Seguimiento'!$A$8:$A$103,B14) -> 6024 | E14: =SUMIFS('04_Seguimiento'!$I$8:$I$103,'04_Seguimiento'!$A$8:$A$103,B14) -> 8238 | G14: Influencers | H14: =SUMIFS('03_Plan_Anual'!$K$8:$K$19,'03_Plan_Anual'!$D$8:$D$19,G14) -> 7200 | I14: =SUMIFS('04_Seguimiento'!$C$8:$C$103,'04_Seguimiento'!$B$8:$B$103,G14) -> 6873 | J14: =SUMIFS('04_Seguimiento'!$G$8:$G$103,'04_Seguimiento'!$B$8:$B$103,G14) -> 344 | K14: =SUMIFS('04_Seguimiento'!$H$8:$H$103,'04_Seguimiento'!$B$8:$B$103,G14) -> 35 | L14: =SUMIFS('04_Seguimiento'!$I$8:$I$103,'04_Seguimiento'!$B$8:$B$103,G14) -> 8396 | M14: =IFERROR(L14/I14,0) -> 1.2215917
B15: Jun | C15: ='03_Plan_Anual'!Z$20 -> 6100.9091 | D15: =SUMIFS('04_Seguimiento'!$C$8:$C$103,'04_Seguimiento'!$A$8:$A$103,B15) -> 5755 | E15: =SUMIFS('04_Seguimiento'!$I$8:$I$103,'04_Seguimiento'!$A$8:$A$103,B15) -> 8014 | G15: PR/Eventos | H15: =SUMIFS('03_Plan_Anual'!$K$8:$K$19,'03_Plan_Anual'!$D$8:$D$19,G15) -> 6600 | I15: =SUMIFS('04_Seguimiento'!$C$8:$C$103,'04_Seguimiento'!$B$8:$B$103,G15) -> 6634 | J15: =SUMIFS('04_Seguimiento'!$G$8:$G$103,'04_Seguimiento'!$B$8:$B$103,G15) -> 199 | K15: =SUMIFS('04_Seguimiento'!$H$8:$H$103,'04_Seguimiento'!$B$8:$B$103,G15) -> 32 | L15: =SUMIFS('04_Seguimiento'!$I$8:$I$103,'04_Seguimiento'!$B$8:$B$103,G15) -> 7782 | M15: =IFERROR(L15/I15,0) -> 1.1730479
B16: Jul | C16: ='03_Plan_Anual'!AA$20 -> 2300.9091 | D16: =SUMIFS('04_Seguimiento'!$C$8:$C$103,'04_Seguimiento'!$A$8:$A$103,B16) -> 2384 | E16: =SUMIFS('04_Seguimiento'!$I$8:$I$103,'04_Seguimiento'!$A$8:$A$103,B16) -> 4389 | G16: Afiliados | H16: =SUMIFS('03_Plan_Anual'!$K$8:$K$19,'03_Plan_Anual'!$D$8:$D$19,G16) -> 3000 | I16: =SUMIFS('04_Seguimiento'!$C$8:$C$103,'04_Seguimiento'!$B$8:$B$103,G16) -> 2916 | J16: =SUMIFS('04_Seguimiento'!$G$8:$G$103,'04_Seguimiento'!$B$8:$B$103,G16) -> 208 | K16: =SUMIFS('04_Seguimiento'!$H$8:$H$103,'04_Seguimiento'!$B$8:$B$103,G16) -> 41 | L16: =SUMIFS('04_Seguimiento'!$I$8:$I$103,'04_Seguimiento'!$B$8:$B$103,G16) -> 9986 | M16: =IFERROR(L16/I16,0) -> 3.4245542
B17: Ago | C17: ='03_Plan_Anual'!AB$20 -> 2300.9091 | D17: =SUMIFS('04_Seguimiento'!$C$8:$C$103,'04_Seguimiento'!$A$8:$A$103,B17) -> 2218 | E17: =SUMIFS('04_Seguimiento'!$I$8:$I$103,'04_Seguimiento'!$A$8:$A$103,B17) -> 4392 | G17: Web/CRO | H17: =SUMIFS('03_Plan_Anual'!$K$8:$K$19,'03_Plan_Anual'!$D$8:$D$19,G17) -> 2500 | I17: =SUMIFS('04_Seguimiento'!$C$8:$C$103,'04_Seguimiento'!$B$8:$B$103,G17) -> 2432 | J17: =SUMIFS('04_Seguimiento'!$G$8:$G$103,'04_Seguimiento'!$B$8:$B$103,G17) -> 107 | K17: =SUMIFS('04_Seguimiento'!$H$8:$H$103,'04_Seguimiento'!$B$8:$B$103,G17) -> 27 | L17: =SUMIFS('04_Seguimiento'!$I$8:$I$103,'04_Seguimiento'!$B$8:$B$103,G17) -> 6619 | M17: =IFERROR(L17/I17,0) -> 2.7216283
B18: Sep | C18: ='03_Plan_Anual'!AC$20 -> 6025.9091 | D18: =SUMIFS('04_Seguimiento'!$C$8:$C$103,'04_Seguimiento'!$A$8:$A$103,B18) -> 5619 | E18: =SUMIFS('04_Seguimiento'!$I$8:$I$103,'04_Seguimiento'!$A$8:$A$103,B18) -> 9775
B19: Oct | C19: ='03_Plan_Anual'!AD$20 -> 7425.9091 | D19: =SUMIFS('04_Seguimiento'!$C$8:$C$103,'04_Seguimiento'!$A$8:$A$103,B19) -> 7468 | E19: =SUMIFS('04_Seguimiento'!$I$8:$I$103,'04_Seguimiento'!$A$8:$A$103,B19) -> 11421
B20: Nov | C20: ='03_Plan_Anual'!AE$20 -> 8625.9091 | D20: =SUMIFS('04_Seguimiento'!$C$8:$C$103,'04_Seguimiento'!$A$8:$A$103,B20) -> 8546 | E20: =SUMIFS('04_Seguimiento'!$I$8:$I$103,'04_Seguimiento'!$A$8:$A$103,B20) -> 15160
B21: Dic | C21: ='03_Plan_Anual'!AF$20 -> 7425.9091 | D21: =SUMIFS('04_Seguimiento'!$C$8:$C$103,'04_Seguimiento'!$A$8:$A$103,B21) -> 7997 | E21: =SUMIFS('04_Seguimiento'!$I$8:$I$103,'04_Seguimiento'!$A$8:$A$103,B21) -> 11602

Sheet 02_Estrategia
A1: 02 · Marco estratégico del plan de marketing
A2: Edita las celdas en azul. El resto se recalcula automáticamente desde el plan anual y el seguimiento.
A4: Ficha del negocio y supuestos clave
A5: Empresa | B5: Marea Lenta | E5: Ingreso medio por cliente (6m) | F5: 240 | H5: Responsable | I5: Equipo Growth & Brand
A6: Producto/servicio | B6: Suscripción de infusiones funcionales para descanso y foco | E6: Presupuesto anual objetivo | F6: =SUM('03_Plan_Anual'!$K$8:$K$19) -> 60300 | H6: Objetivo principal | I6: Escalar adquisición rentable sin perder calidad de marca
A7: Mercado | B7: B2C D2C | bienestar cotidiano | E7: Inicio del plan | F7: 46023 | H7: Posicionamiento | I7: Bienestar cotidiano, premium accesible y ritualizable
A8: Región | B8: España peninsular | E8: Fin del plan | F8: 46387 | H8: Foco 2026 | I8: Rentabilizar paid media y consolidar orgánico + CRM
A10: Público objetivo y propuesta | F10: FODA resumido
A11: Segmentos prioritarios | C11: Buyer persona | F11: Fortalezas Marca diferencial, ticket recurrente y capacidad de crear bundles estacionales. | H11: Oportunidades Crecimiento de búsquedas sobre descanso, CRM infrautilizado y mercado aún fragmentado.
A12: Profesionales urbanos de 28-45 años que buscan rutinas sencillas para dormir mejor y bajar revoluciones al final del día. | C12: Laura, 34. Trabaja híbrida, compra online, compara reseñas y valora marcas honestas con estética cuidada.
A14: Problema que resolvemos | C14: Propuesta de valor | F14: Debilidades Baja notoriedad fuera de paid media y dependencia inicial de creatividades de rendimiento. | H14: Amenazas Aumento del CPC en picos promocionales y mensajes muy parecidos entre competidores.
A15: Falta de ritual, exceso de pantallas y sensación de cansancio mental que dificulta desconectar. | C15: Suscripción flexible con blends funcionales, guía de uso y experiencia de marca coherente en cada punto de contacto.
A20: Objetivos SMART conectados al seguimiento
A21: Objetivo | B21: Indicador | C21: Línea base | D21: Meta 2026 | E21: Actual | F21: % avance | G21: Responsable | H21: Fecha límite
A22: Generar demanda cualificada a escala | B22: Leads | C22: 480 | D22: =SUM('03_Plan_Anual'!$L$8:$L$19) -> 3060 | E22: =SUM('04_Seguimiento'!$G$8:$G$103) -> 3022 | F22: =MIN(E22/D22,1) -> 0.9875817 | G22: Growth | H22: 46387
A23: Convertir primeras suscripciones | B23: Clientes | C23: 110 | D23: =SUM('03_Plan_Anual'!$N$8:$N$19) -> 398 | E23: =SUM('04_Seguimiento'!$H$8:$H$103) -> 390 | F23: =MIN(E23/D23,1) -> 0.9798995 | G23: Growth | H23: 46387
A24: Superar ingresos del primer ciclo | B24: Ingresos | C24: 32000 | D24: =SUM('03_Plan_Anual'!$P$8:$P$19) -> 95520 | E24: =SUM('04_Seguimiento'!$I$8:$I$103) -> 94466 | F24: =MIN(E24/D24,1) -> 0.98896566 | G24: Dirección | H24: 46387
A25: Mantener eficiencia en medios | B25: ROAS | C25: 2.9 | D25: 4 | E25: =IFERROR(SUM('04_Seguimiento'!$I$8:$I$103)/SUM('04_Seguimiento'!$C$8:$C$103),0) -> 1.5677183 | F25: =MIN(E25/D25,1) -> 0.39192957 | G25: Paid Media | H25: 46387
A26: Bajar CAC total por debajo del umbral | B26: CAC | C26: 142 | D26: 115 | E26: =IFERROR(SUM('04_Seguimiento'!$C$8:$C$103)/SUM('04_Seguimiento'!$H$8:$H$103),0) -> 154.50513 | F26: =MIN(D26/E26,1) -> 0.74431186 | G26: Growth | H26: 46387
A29: Priorización de iniciativas
A30: Iniciativa | B30: Impacto | C30: Esfuerzo | D30: Urgencia | E30: Score | F30: Decisión
A31: Escalar Search de alta intención | B31: 5 | C31: 2 | D31: 5 | E31: =B31*2+D31-C31 -> 13 | F31: =IF(E31>=12,"Acelerar",IF(E31>=9,"Mantener","Revisar")) -> Acelerar
A32: Aumentar automatizaciones CRM | B32: 4 | C32: 2 | D32: 4 | E32: =B32*2+D32-C32 -> 10 | F32: =IF(E32>=12,"Acelerar",IF(E32>=9,"Mantener","Revisar")) -> Mantener
A33: Mejorar CRO de landings | B33: 4 | C33: 3 | D33: 5 | E33: =B33*2+D33-C33 -> 10 | F33: =IF(E33>=12,"Acelerar",IF(E33>=9,"Mantener","Revisar")) -> Mantener
A34: Expandir microinfluencers | B34: 3 | C34: 3 | D34: 3 | E34: =B34*2+D34-C34 -> 6 | F34: =IF(E34>=12,"Acelerar",IF(E34>=9,"Mantener","Revisar")) -> Revisar
A35: Abrir nuevos eventos físicos | B35: 2 | C35: 4 | D35: 2 | E35: =B35*2+D35-C35 -> 2 | F35: =IF(E35>=12,"Acelerar",IF(E35>=9,"Mantener","Revisar")) -> Revisar

Sheet 03_Plan_Anual
A1: 03 · Plan anual de campañas y presupuesto
A2: Cada fila es una acción o campaña. Fechas, presupuesto y previsión impactan en el resumen. Las columnas mensuales reparten automáticamente el presupuesto entre los meses activos.
A4: Presupuesto anual plan | D4: Leads previstos | G4: Clientes previstos | J4: Ingresos previstos | M4: ROI previsto
A5: =SUM($K$8:$K$19) -> 60300 | D5: =SUM($L$8:$L$19) -> 3060 | G5: =SUM($N$8:$N$19) -> 398 | J5: =SUM($P$8:$P$19) -> 95520 | M5: =IFERROR((SUM($P$8:$P$19)-SUM($K$8:$K$19))/SUM($K$8:$K$19),0) -> 0.5840796
A7: ID | B7: Línea | C7: Campaña | D7: Canal | E7: Embudo | F7: Objetivo | G7: Responsable | H7: Inicio | I7: Fin | J7: Estado | K7: Presupuesto total | L7: Leads prev. | M7: CVR lead→cliente | N7: Clientes prev. | O7: Ingreso medio | P7: Ingresos prev. | Q7: CPL prev. | R7: CPA prev. | S7: ROI prev. | T7: Meses activos | U7: 46023 | V7: 46054 | W7: 46082 | X7: 46113 | Y7: 46143 | Z7: 46174 | AA7: 46204 | AB7: 46235 | AC7: 46266 | AD7: 46296 | AE7: 46327 | AF7: 46357
A8: C01 | B8: Captación | C8: Quiz 'Descubre tu ritual nocturno' | D8: Meta Ads | E8: TOFU | F8: Captar leads fríos con lead magnet | G8: P. Medios | H8: 46032 | I8: 46081 | J8: Completada | K8: 6800 | L8: 420 | M8: 0.08 | N8: =ROUND(L8*M8,0) -> 34 | O8: ='02_Estrategia'!$F$5 -> 240 | P8: =N8*O8 -> 8160 | Q8: =IFERROR(K8/L8,0) -> 16.190476 | R8: =IFERROR(K8/N8,0) -> 200 | S8: =IFERROR((P8-K8)/K8,0) -> 0.2 | T8: =12*(YEAR(I8)-YEAR(H8))+MONTH(I8)-MONTH(H8)+1 -> 2 | U8: =IF(AND(U$7>=DATE(YEAR($H8),MONTH($H8),1),U$7<=DATE(YEAR($I8),MONTH($I8),1)),$K8/$T8,0) -> 3400 | V8: =IF(AND(V$7>=DATE(YEAR($H8),MONTH($H8),1),V$7<=DATE(YEAR($I8),MONTH($I8),1)),$K8/$T8,0) -> 3400 | W8: =IF(AND(W$7>=DATE(YEAR($H8),MONTH($H8),1),W$7<=DATE(YEAR($I8),MONTH($I8),1)),$K8/$T8,0) -> 0 | X8: =IF(AND(X$7>=DATE(YEAR($H8),MONTH($H8),1),X$7<=DATE(YEAR($I8),MONTH($I8),1)),$K8/$T8,0) -> 0 | Y8: =IF(AND(Y$7>=DATE(YEAR($H8),MONTH($H8),1),Y$7<=DATE(YEAR($I8),MONTH($I8),1)),$K8/$T8,0) -> 0 | Z8: =IF(AND(Z$7>=DATE(YEAR($H8),MONTH($H8),1),Z$7<=DATE(YEAR($I8),MONTH($I8),1)),$K8/$T8,0) -> 0 | AA8: =IF(AND(AA$7>=DATE(YEAR($H8),MONTH($H8),1),AA$7<=DATE(YEAR($I8),MONTH($I8),1)),$K8/$T8,0) -> 0 | AB8: =IF(AND(AB$7>=DATE(YEAR($H8),MONTH($H8),1),AB$7<=DATE(YEAR($I8),MONTH($I8),1)),$K8/$T8,0) -> 0 | ... AF8: =IF(AND(AF$7>=DATE(YEAR($H8),MONTH($H8),1),AF$7<=DATE(YEAR($I8),MONTH($I8),1)),$K8/$T8,0) -> 0
A9: C02 | B9: Nurturing | C9: Automatización de bienvenida + prueba | D9: Email | E9: MOFU | F9: Activar leads y acelerar primera compra | G9: CRM | H9: 46023 | I9: 46387 | J9: En marcha | K9: 4200 | L9: 180 | M9: 0.22 | N9: =ROUND(L9*M9,0) -> 40 | O9: ='02_Estrategia'!$F$5 -> 240 | P9: =N9*O9 -> 9600 | Q9: =IFERROR(K9/L9,0) -> 23.333333 | R9: =IFERROR(K9/N9,0) -> 105 | S9: =IFERROR((P9-K9)/K9,0) -> 1.2857143 | T9: =12*(YEAR(I9)-YEAR(H9))+MONTH(I9)-MONTH(H9)+1 -> 12 | U9: =IF(AND(U$7>=DATE(YEAR($H9),MONTH($H9),1),U$7<=DATE(YEAR($I9),MONTH($I9),1)),$K9/$T9,0) -> 350 | V9: =IF(AND(V$7>=DATE(YEAR($H9),MONTH($H9),1),V$7<=DATE(YEAR($I9),MONTH($I9),1)),$K9/$T9,0) -> 350 | W9: =IF(AND(W$7>=DATE(YEAR($H9),MONTH($H9),1),W$7<=DATE(YEAR($I9),MONTH($I9),1)),$K9/$T9,0) -> 350 | X9: =IF(AND(X$7>=DATE(YEAR($H9),MONTH($H9),1),X$7<=DATE(YEAR($I9),MONTH($I9),1)),$K9/$T9,0) -> 350 | Y9: =IF(AND(Y$7>=DATE(YEAR($H9),MONTH($H9),1),Y$7<=DATE(YEAR($I9),MONTH($I9),1)),$K9/$T9,0) -> 350 | Z9: =IF(AND(Z$7>=DATE(YEAR($H9),MONTH($H9),1),Z$7<=DATE(YEAR($I9),MONTH($I9),1)),$K9/$T9,0) -> 350 | AA9: =IF(AND(AA$7>=DATE(YEAR($H9),MONTH($H9),1),AA$7<=DATE(YEAR($I9),MONTH($I9),1)),$K9/$T9,0) -> 350 | AB9: =IF(AND(AB$7>=DATE(YEAR($H9),MONTH($H9),1),AB$7<=DATE(YEAR($I9),MONTH($I9),1)),$K9/$T9,0) -> 350 | ... AF9: =IF(AND(AF$7>=DATE(YEAR($H9),MONTH($H9),1),AF$7<=DATE(YEAR($I9),MONTH($I9),1)),$K9/$T9,0) -> 350
A10: C03 | B10: Demanda orgánica | C10: Cluster SEO 'Dormir mejor sin pantallas' | D10: SEO/Contenido | E10: TOFU | F10: Captar tráfico orgánico de intención informativa | G10: Contenido | H10: 46054 | I10: 46387 | J10: En marcha | K10: 5400 | L10: 360 | M10: 0.12 | N10: =ROUND(L10*M10,0) -> 43 | O10: ='02_Estrategia'!$F$5 -> 240 | P10: =N10*O10 -> 10320 | Q10: =IFERROR(K10/L10,0) -> 15 | R10: =IFERROR(K10/N10,0) -> 125.5814 | S10: =IFERROR((P10-K10)/K10,0) -> 0.91111111 | T10: =12*(YEAR(I10)-YEAR(H10))+MONTH(I10)-MONTH(H10)+1 -> 11 | U10: =IF(AND(U$7>=DATE(YEAR($H10),MONTH($H10),1),U$7<=DATE(YEAR($I10),MONTH($I10),1)),$K10/$T10,0) -> 0 | V10: =IF(AND(V$7>=DATE(YEAR($H10),MONTH($H10),1),V$7<=DATE(YEAR($I10),MONTH($I10),1)),$K10/$T10,0) -> 490.90909 | W10: =IF(AND(W$7>=DATE(YEAR($H10),MONTH($H10),1),W$7<=DATE(YEAR($I10),MONTH($I10),1)),$K10/$T10,0) -> 490.90909 | X10: =IF(AND(X$7>=DATE(YEAR($H10),MONTH($H10),1),X$7<=DATE(YEAR($I10),MONTH($I10),1)),$K10/$T10,0) -> 490.90909 | Y10: =IF(AND(Y$7>=DATE(YEAR($H10),MONTH($H10),1),Y$7<=DATE(YEAR($I10),MONTH($I10),1)),$K10/$T10,0) -> 490.90909 | Z10: =IF(AND(Z$7>=DATE(YEAR($H10),MONTH($H10),1),Z$7<=DATE(YEAR($I10),MONTH($I10),1)),$K10/$T10,0) -> 490.90909 | AA10: =IF(AND(AA$7>=DATE(YEAR($H10),MONTH($H10),1),AA$7<=DATE(YEAR($I10),MONTH($I10),1)),$K10/$T10,0) -> 490.90909 | AB10: =IF(AND(AB$7>=DATE(YEAR($H10),MONTH($H10),1),AB$7<=DATE(YEAR($I10),MONTH($I10),1)),$K10/$T10,0) -> 490.90909 | ... AF10: =IF(AND(AF$7>=DATE(YEAR($H10),MONTH($H10),1),AF$7<=DATE(YEAR($I10),MONTH($I10),1)),$K10/$T10,0) -> 490.90909
A11: C04 | B11: Captación | C11: Search non-brand: sueño, ansiedad ligera, rutina | D11: Google Ads | E11: BOFU | F11: Captar demanda de alta intención | G11: P. Medios | H11: 46082 | I11: 46387 | J11: En marcha | K11: 9600 | L11: 460 | M11: 0.11 | N11: =ROUND(L11*M11,0) -> 51 | O11: ='02_Estrategia'!$F$5 -> 240 | P11: =N11*O11 -> 12240 | Q11: =IFERROR(K11/L11,0) -> 20.869565 | R11: =IFERROR(K11/N11,0) -> 188.23529 | S11: =IFERROR((P11-K11)/K11,0) -> 0.275 | T11: =12*(YEAR(I11)-YEAR(H11))+MONTH(I11)-MONTH(H11)+1 -> 10 | U11: =IF(AND(U$7>=DATE(YEAR($H11),MONTH($H11),1),U$7<=DATE(YEAR($I11),MONTH($I11),1)),$K11/$T11,0) -> 0 | V11: =IF(AND(V$7>=DATE(YEAR($H11),MONTH($H11),1),V$7<=DATE(YEAR($I11),MONTH($I11),1)),$K11/$T11,0) -> 0 | W11: =IF(AND(W$7>=DATE(YEAR($H11),MONTH($H11),1),W$7<=DATE(YEAR($I11),MONTH($I11),1)),$K11/$T11,0) -> 960 | X11: =IF(AND(X$7>=DATE(YEAR($H11),MONTH($H11),1),X$7<=DATE(YEAR($I11),MONTH($I11),1)),$K11/$T11,0) -> 960 | Y11: =IF(AND(Y$7>=DATE(YEAR($H11),MONTH($H11),1),Y$7<=DATE(YEAR($I11),MONTH($I11),1)),$K11/$T11,0) -> 960 | Z11: =IF(AND(Z$7>=DATE(YEAR($H11),MONTH($H11),1),Z$7<=DATE(YEAR($I11),MONTH($I11),1)),$K11/$T11,0) -> 960 | AA11: =IF(AND(AA$7>=DATE(YEAR($H11),MONTH($H11),1),AA$7<=DATE(YEAR($I11),MONTH($I11),1)),$K11/$T11,0) -> 960 | AB11: =IF(AND(AB$7>=DATE(YEAR($H11),MONTH($H11),1),AB$7<=DATE(YEAR($I11),MONTH($I11),1)),$K11/$T11,0) -> 960 | ... AF11: =IF(AND(AF$7>=DATE(YEAR($H11),MONTH($H11),1),AF$7<=DATE(YEAR($I11),MONTH($I11),1)),$K11/$T11,0) -> 960
A12: C05 | B12: Credibilidad | C12: Microinfluencers bienestar nocturno | D12: Influencers | E12: TOFU | F12: Construir confianza y prueba social | G12: Brand | H12: 46113 | I12: 46203 | J12: Completada | K12: 7200 | L12: 340 | M12: 0.1 | N12: =ROUND(L12*M12,0) -> 34 | O12: ='02_Estrategia'!$F$5 -> 240 | P12: =N12*O12 -> 8160 | Q12: =IFERROR(K12/L12,0) -> 21.176471 | R12: =IFERROR(K12/N12,0) -> 211.76471 | S12: =IFERROR((P12-K12)/K12,0) -> 0.13333333 | T12: =12*(YEAR(I12)-YEAR(H12))+MONTH(I12)-MONTH(H12)+1 -> 3 | U12: =IF(AND(U$7>=DATE(YEAR($H12),MONTH($H12),1),U$7<=DATE(YEAR($I12),MONTH($I12),1)),$K12/$T12,0) -> 0 | V12: =IF(AND(V$7>=DATE(YEAR($H12),MONTH($H12),1),V$7<=DATE(YEAR($I12),MONTH($I12),1)),$K12/$T12,0) -> 0 | W12: =IF(AND(W$7>=DATE(YEAR($H12),MONTH($H12),1),W$7<=DATE(YEAR($I12),MONTH($I12),1)),$K12/$T12,0) -> 0 | X12: =IF(AND(X$7>=DATE(YEAR($H12),MONTH($H12),1),X$7<=DATE(YEAR($I12),MONTH($I12),1)),$K12/$T12,0) -> 2400 | Y12: =IF(AND(Y$7>=DATE(YEAR($H12),MONTH($H12),1),Y$7<=DATE(YEAR($I12),MONTH($I12),1)),$K12/$T12,0) -> 2400 | Z12: =IF(AND(Z$7>=DATE(YEAR($H12),MONTH($H12),1),Z$7<=DATE(YEAR($I12),MONTH($I12),1)),$K12/$T12,0) -> 2400 | AA12: =IF(AND(AA$7>=DATE(YEAR($H12),MONTH($H12),1),AA$7<=DATE(YEAR($I12),MONTH($I12),1)),$K12/$T12,0) -> 0 | AB12: =IF(AND(AB$7>=DATE(YEAR($H12),MONTH($H12),1),AB$7<=DATE(YEAR($I12),MONTH($I12),1)),$K12/$T12,0) -> 0 | ... AF12: =IF(AND(AF$7>=DATE(YEAR($H12),MONTH($H12),1),AF$7<=DATE(YEAR($I12),MONTH($I12),1)),$K12/$T12,0) -> 0
A13: C06 | B13: Experiencia | C13: Pop-up 'Rituales de tarde' en concept stores | D13: PR/Eventos | E13: MOFU | F13: Muestreo físico y captación local | G13: Brand | H13: 46150 | I13: 46193 | J13: Completada | K13: 3800 | L13: 120 | M13: 0.18 | N13: =ROUND(L13*M13,0) -> 22 | O13: ='02_Estrategia'!$F$5 -> 240 | P13: =N13*O13 -> 5280 | Q13: =IFERROR(K13/L13,0) -> 31.666667 | R13: =IFERROR(K13/N13,0) -> 172.72727 | S13: =IFERROR((P13-K13)/K13,0) -> 0.38947368 | T13: =12*(YEAR(I13)-YEAR(H13))+MONTH(I13)-MONTH(H13)+1 -> 2 | U13: =IF(AND(U$7>=DATE(YEAR($H13),MONTH($H13),1),U$7<=DATE(YEAR($I13),MONTH($I13),1)),$K13/$T13,0) -> 0 | V13: =IF(AND(V$7>=DATE(YEAR($H13),MONTH($H13),1),V$7<=DATE(YEAR($I13),MONTH($I13),1)),$K13/$T13,0) -> 0 | W13: =IF(AND(W$7>=DATE(YEAR($H13),MONTH($H13),1),W$7<=DATE(YEAR($I13),MONTH($I13),1)),$K13/$T13,0) -> 0 | X13: =IF(AND(X$7>=DATE(YEAR($H13),MONTH($H13),1),X$7<=DATE(YEAR($I13),MONTH($I13),1)),$K13/$T13,0) -> 0 | Y13: =IF(AND(Y$7>=DATE(YEAR($H13),MONTH($H13),1),Y$7<=DATE(YEAR($I13),MONTH($I13),1)),$K13/$T13,0) -> 1900 | Z13: =IF(AND(Z$7>=DATE(YEAR($H13),MONTH($H13),1),Z$7<=DATE(YEAR($I13),MONTH($I13),1)),$K13/$T13,0) -> 1900 | AA13: =IF(AND(AA$7>=DATE(YEAR($H13),MONTH($H13),1),AA$7<=DATE(YEAR($I13),MONTH($I13),1)),$K13/$T13,0) -> 0 | AB13: =IF(AND(AB$7>=DATE(YEAR($H13),MONTH($H13),1),AB$7<=DATE(YEAR($I13),MONTH($I13),1)),$K13/$T13,0) -> 0 | ... AF13: =IF(AND(AF$7>=DATE(YEAR($H13),MONTH($H13),1),AF$7<=DATE(YEAR($I13),MONTH($I13),1)),$K13/$T13,0) -> 0
A14: C07 | B14: Retención | C14: Programa de referidos 'Trae a tu compañera de piso' | D14: Afiliados | E14: BOFU | F14: Impulsar adquisición con recomendación | G14: Growth | H14: 46204 | I14: 46387 | J14: En marcha | K14: 3000 | L14: 210 | M14: 0.2 | N14: =ROUND(L14*M14,0) -> 42 | O14: ='02_Estrategia'!$F$5 -> 240 | P14: =N14*O14 -> 10080 | Q14: =IFERROR(K14/L14,0) -> 14.285714 | R14: =IFERROR(K14/N14,0) -> 71.428571 | S14: =IFERROR((P14-K14)/K14,0) -> 2.36 | T14: =12*(YEAR(I14)-YEAR(H14))+MONTH(I14)-MONTH(H14)+1 -> 6 | U14: =IF(AND(U$7>=DATE(YEAR($H14),MONTH($H14),1),U$7<=DATE(YEAR($I14),MONTH($I14),1)),$K14/$T14,0) -> 0 | V14: =IF(AND(V$7>=DATE(YEAR($H14),MONTH($H14),1),V$7<=DATE(YEAR($I14),MONTH($I14),1)),$K14/$T14,0) -> 0 | W14: =IF(AND(W$7>=DATE(YEAR($H14),MONTH($H14),1),W$7<=DATE(YEAR($I14),MONTH($I14),1)),$K14/$T14,0) -> 0 | X14: =IF(AND(X$7>=DATE(YEAR($H14),MONTH($H14),1),X$7<=DATE(YEAR($I14),MONTH($I14),1)),$K14/$T14,0) -> 0 | Y14: =IF(AND(Y$7>=DATE(YEAR($H14),MONTH($H14),1),Y$7<=DATE(YEAR($I14),MONTH($I14),1)),$K14/$T14,0) -> 0 | Z14: =IF(AND(Z$7>=DATE(YEAR($H14),MONTH($H14),1),Z$7<=DATE(YEAR($I14),MONTH($I14),1)),$K14/$T14,0) -> 0 | AA14: =IF(AND(AA$7>=DATE(YEAR($H14),MONTH($H14),1),AA$7<=DATE(YEAR($I14),MONTH($I14),1)),$K14/$T14,0) -> 500 | AB14: =IF(AND(AB$7>=DATE(YEAR($H14),MONTH($H14),1),AB$7<=DATE(YEAR($I14),MONTH($I14),1)),$K14/$T14,0) -> 500 | ... AF14: =IF(AND(AF$7>=DATE(YEAR($H14),MONTH($H14),1),AF$7<=DATE(YEAR($I14),MONTH($I14),1)),$K14/$T14,0) -> 500
A15: C08 | B15: Captación | C15: Campaña 'Volver al ritmo' septiembre-octubre | D15: Meta Ads | E15: MOFU | F15: Recuperar demanda tras verano | G15: P. Medios | H15: 46266 | I15: 46326 | J15: En marcha | K15: 6200 | L15: 300 | M15: 0.1 | N15: =ROUND(L15*M15,0) -> 30 | O15: ='02_Estrategia'!$F$5 -> 240 | P15: =N15*O15 -> 7200 | Q15: =IFERROR(K15/L15,0) -> 20.666667 | R15: =IFERROR(K15/N15,0) -> 206.66667 | S15: =IFERROR((P15-K15)/K15,0) -> 0.16129032 | T15: =12*(YEAR(I15)-YEAR(H15))+MONTH(I15)-MONTH(H15)+1 -> 2 | U15: =IF(AND(U$7>=DATE(YEAR($H15),MONTH($H15),1),U$7<=DATE(YEAR($I15),MONTH($I15),1)),$K15/$T15,0) -> 0 | V15: =IF(AND(V$7>=DATE(YEAR($H15),MONTH($H15),1),V$7<=DATE(YEAR($I15),MONTH($I15),1)),$K15/$T15,0) -> 0 | W15: =IF(AND(W$7>=DATE(YEAR($H15),MONTH($H15),1),W$7<=DATE(YEAR($I15),MONTH($I15),1)),$K15/$T15,0) -> 0 | X15: =IF(AND(X$7>=DATE(YEAR($H15),MONTH($H15),1),X$7<=DATE(YEAR($I15),MONTH($I15),1)),$K15/$T15,0) -> 0 | Y15: =IF(AND(Y$7>=DATE(YEAR($H15),MONTH($H15),1),Y$7<=DATE(YEAR($I15),MONTH($I15),1)),$K15/$T15,0) -> 0 | Z15: =IF(AND(Z$7>=DATE(YEAR($H15),MONTH($H15),1),Z$7<=DATE(YEAR($I15),MONTH($I15),1)),$K15/$T15,0) -> 0 | AA15: =IF(AND(AA$7>=DATE(YEAR($H15),MONTH($H15),1),AA$7<=DATE(YEAR($I15),MONTH($I15),1)),$K15/$T15,0) -> 0 | AB15: =IF(AND(AB$7>=DATE(YEAR($H15),MONTH($H15),1),AB$7<=DATE(YEAR($I15),MONTH($I15),1)),$K15/$T15,0) -> 0 | ... AF15: =IF(AND(AF$7>=DATE(YEAR($H15),MONTH($H15),1),AF$7<=DATE(YEAR($I15),MONTH($I15),1)),$K15/$T15,0) -> 0
A16: C09 | B16: Conversión | C16: Optimización CRO en landings y packs | D16: Web/CRO | E16: BOFU | F16: Mejorar ratio de conversión de compra | G16: Growth | H16: 46266 | I16: 46387 | J16: En marcha | K16: 2500 | L16: 110 | M16: 0.26 | N16: =ROUND(L16*M16,0) -> 29 | O16: ='02_Estrategia'!$F$5 -> 240 | P16: =N16*O16 -> 6960 | Q16: =IFERROR(K16/L16,0) -> 22.727273 | R16: =IFERROR(K16/N16,0) -> 86.206897 | S16: =IFERROR((P16-K16)/K16,0) -> 1.784 | T16: =12*(YEAR(I16)-YEAR(H16))+MONTH(I16)-MONTH(H16)+1 -> 4 | U16: =IF(AND(U$7>=DATE(YEAR($H16),MONTH($H16),1),U$7<=DATE(YEAR($I16),MONTH($I16),1)),$K16/$T16,0) -> 0 | V16: =IF(AND(V$7>=DATE(YEAR($H16),MONTH($H16),1),V$7<=DATE(YEAR($I16),MONTH($I16),1)),$K16/$T16,0) -> 0 | W16: =IF(AND(W$7>=DATE(YEAR($H16),MONTH($H16),1),W$7<=DATE(YEAR($I16),MONTH($I16),1)),$K16/$T16,0) -> 0 | X16: =IF(AND(X$7>=DATE(YEAR($H16),MONTH($H16),1),X$7<=DATE(YEAR($I16),MONTH($I16),1)),$K16/$T16,0) -> 0 | Y16: =IF(AND(Y$7>=DATE(YEAR($H16),MONTH($H16),1),Y$7<=DATE(YEAR($I16),MONTH($I16),1)),$K16/$T16,0) -> 0 | Z16: =IF(AND(Z$7>=DATE(YEAR($H16),MONTH($H16),1),Z$7<=DATE(YEAR($I16),MONTH($I16),1)),$K16/$T16,0) -> 0 | AA16: =IF(AND(AA$7>=DATE(YEAR($H16),MONTH($H16),1),AA$7<=DATE(YEAR($I16),MONTH($I16),1)),$K16/$T16,0) -> 0 | AB16: =IF(AND(AB$7>=DATE(YEAR($H16),MONTH($H16),1),AB$7<=DATE(YEAR($I16),MONTH($I16),1)),$K16/$T16,0) -> 0 | ... AF16: =IF(AND(AF$7>=DATE(YEAR($H16),MONTH($H16),1),AF$7<=DATE(YEAR($I16),MONTH($I16),1)),$K16/$T16,0) -> 625
A17: C10 | B17: Credibilidad | C17: PR + sampling en podcasts y prensa lifestyle | D17: PR/Eventos | E17: TOFU | F17: Aumentar notoriedad y menciones | G17: PR | H17: 46296 | I17: 46356 | J17: Pendiente | K17: 2800 | L17: 90 | M17: 0.16 | N17: =ROUND(L17*M17,0) -> 14 | O17: ='02_Estrategia'!$F$5 -> 240 | P17: =N17*O17 -> 3360 | Q17: =IFERROR(K17/L17,0) -> 31.111111 | R17: =IFERROR(K17/N17,0) -> 200 | S17: =IFERROR((P17-K17)/K17,0) -> 0.2 | T17: =12*(YEAR(I17)-YEAR(H17))+MONTH(I17)-MONTH(H17)+1 -> 2 | U17: =IF(AND(U$7>=DATE(YEAR($H17),MONTH($H17),1),U$7<=DATE(YEAR($I17),MONTH($I17),1)),$K17/$T17,0) -> 0 | V17: =IF(AND(V$7>=DATE(YEAR($H17),MONTH($H17),1),V$7<=DATE(YEAR($I17),MONTH($I17),1)),$K17/$T17,0) -> 0 | W17: =IF(AND(W$7>=DATE(YEAR($H17),MONTH($H17),1),W$7<=DATE(YEAR($I17),MONTH($I17),1)),$K17/$T17,0) -> 0 | X17: =IF(AND(X$7>=DATE(YEAR($H17),MONTH($H17),1),X$7<=DATE(YEAR($I17),MONTH($I17),1)),$K17/$T17,0) -> 0 | Y17: =IF(AND(Y$7>=DATE(YEAR($H17),MONTH($H17),1),Y$7<=DATE(YEAR($I17),MONTH($I17),1)),$K17/$T17,0) -> 0 | Z17: =IF(AND(Z$7>=DATE(YEAR($H17),MONTH($H17),1),Z$7<=DATE(YEAR($I17),MONTH($I17),1)),$K17/$T17,0) -> 0 | AA17: =IF(AND(AA$7>=DATE(YEAR($H17),MONTH($H17),1),AA$7<=DATE(YEAR($I17),MONTH($I17),1)),$K17/$T17,0) -> 0 | AB17: =IF(AND(AB$7>=DATE(YEAR($H17),MONTH($H17),1),AB$7<=DATE(YEAR($I17),MONTH($I17),1)),$K17/$T17,0) -> 0 | ... AF17: =IF(AND(AF$7>=DATE(YEAR($H17),MONTH($H17),1),AF$7<=DATE(YEAR($I17),MONTH($I17),1)),$K17/$T17,0) -> 0
A18: C11 | B18: Promoción | C18: Black Friday packs ahorro | D18: Google Ads | E18: BOFU | F18: Maximizar ventas de pico promocional | G18: P. Medios | H18: 46327 | I18: 46356 | J18: Pendiente | K18: 4300 | L18: 230 | M18: 0.13 | N18: =ROUND(L18*M18,0) -> 30 | O18: ='02_Estrategia'!$F$5 -> 240 | P18: =N18*O18 -> 7200 | Q18: =IFERROR(K18/L18,0) -> 18.695652 | R18: =IFERROR(K18/N18,0) -> 143.33333 | S18: =IFERROR((P18-K18)/K18,0) -> 0.6744186 | T18: =12*(YEAR(I18)-YEAR(H18))+MONTH(I18)-MONTH(H18)+1 -> 1 | U18: =IF(AND(U$7>=DATE(YEAR($H18),MONTH($H18),1),U$7<=DATE(YEAR($I18),MONTH($I18),1)),$K18/$T18,0) -> 0 | V18: =IF(AND(V$7>=DATE(YEAR($H18),MONTH($H18),1),V$7<=DATE(YEAR($I18),MONTH($I18),1)),$K18/$T18,0) -> 0 | W18: =IF(AND(W$7>=DATE(YEAR($H18),MONTH($H18),1),W$7<=DATE(YEAR($I18),MONTH($I18),1)),$K18/$T18,0) -> 0 | X18: =IF(AND(X$7>=DATE(YEAR($H18),MONTH($H18),1),X$7<=DATE(YEAR($I18),MONTH($I18),1)),$K18/$T18,0) -> 0 | Y18: =IF(AND(Y$7>=DATE(YEAR($H18),MONTH($H18),1),Y$7<=DATE(YEAR($I18),MONTH($I18),1)),$K18/$T18,0) -> 0 | Z18: =IF(AND(Z$7>=DATE(YEAR($H18),MONTH($H18),1),Z$7<=DATE(YEAR($I18),MONTH($I18),1)),$K18/$T18,0) -> 0 | AA18: =IF(AND(AA$7>=DATE(YEAR($H18),MONTH($H18),1),AA$7<=DATE(YEAR($I18),MONTH($I18),1)),$K18/$T18,0) -> 0 | AB18: =IF(AND(AB$7>=DATE(YEAR($H18),MONTH($H18),1),AB$7<=DATE(YEAR($I18),MONTH($I18),1)),$K18/$T18,0) -> 0 | ... AF18: =IF(AND(AF$7>=DATE(YEAR($H18),MONTH($H18),1),AF$7<=DATE(YEAR($I18),MONTH($I18),1)),$K18/$T18,0) -> 0
A19: C12 | B19: Promoción | C19: Navidad: regalo de descanso consciente | D19: Meta Ads | E19: BOFU | F19: Cerrar el año con packs regalo | G19: Brand/Growth | H19: 46357 | I19: 46387 | J19: Pendiente | K19: 4500 | L19: 240 | M19: 0.12 | N19: =ROUND(L19*M19,0) -> 29 | O19: ='02_Estrategia'!$F$5 -> 240 | P19: =N19*O19 -> 6960 | Q19: =IFERROR(K19/L19,0) -> 18.75 | R19: =IFERROR(K19/N19,0) -> 155.17241 | S19: =IFERROR((P19-K19)/K19,0) -> 0.54666667 | T19: =12*(YEAR(I19)-YEAR(H19))+MONTH(I19)-MONTH(H19)+1 -> 1 | U19: =IF(AND(U$7>=DATE(YEAR($H19),MONTH($H19),1),U$7<=DATE(YEAR($I19),MONTH($I19),1)),$K19/$T19,0) -> 0 | V19: =IF(AND(V$7>=DATE(YEAR($H19),MONTH($H19),1),V$7<=DATE(YEAR($I19),MONTH($I19),1)),$K19/$T19,0) -> 0 | W19: =IF(AND(W$7>=DATE(YEAR($H19),MONTH($H19),1),W$7<=DATE(YEAR($I19),MONTH($I19),1)),$K19/$T19,0) -> 0 | X19: =IF(AND(X$7>=DATE(YEAR($H19),MONTH($H19),1),X$7<=DATE(YEAR($I19),MONTH($I19),1)),$K19/$T19,0) -> 0 | Y19: =IF(AND(Y$7>=DATE(YEAR($H19),MONTH($H19),1),Y$7<=DATE(YEAR($I19),MONTH($I19),1)),$K19/$T19,0) -> 0 | Z19: =IF(AND(Z$7>=DATE(YEAR($H19),MONTH($H19),1),Z$7<=DATE(YEAR($I19),MONTH($I19),1)),$K19/$T19,0) -> 0 | AA19: =IF(AND(AA$7>=DATE(YEAR($H19),MONTH($H19),1),AA$7<=DATE(YEAR($I19),MONTH($I19),1)),$K19/$T19,0) -> 0 | AB19: =IF(AND(AB$7>=DATE(YEAR($H19),MONTH($H19),1),AB$7<=DATE(YEAR($I19),MONTH($I19),1)),$K19/$T19,0) -> 0 | ... AF19: =IF(AND(AF$7>=DATE(YEAR($H19),MONTH($H19),1),AF$7<=DATE(YEAR($I19),MONTH($I19),1)),$K19/$T19,0) -> 4500
A20: TOTAL | K20: =SUM(K8:K19) -> 60300 | L20: =SUM(L8:L19) -> 3060 | N20: =SUM(N8:N19) -> 398 | P20: =SUM(P8:P19) -> 95520 | S20: =IFERROR((P20-K20)/K20,0) -> 0.5840796 | U20: =SUM(U8:U19) -> 3750 | V20: =SUM(V8:V19) -> 4240.9091 | W20: =SUM(W8:W19) -> 1800.9091 | X20: =SUM(X8:X19) -> 4200.9091 | Y20: =SUM(Y8:Y19) -> 6100.9091 | Z20: =SUM(Z8:Z19) -> 6100.9091 | AA20: =SUM(AA8:AA19) -> 2300.9091 | AB20: =SUM(AB8:AB19) -> 2300.9091 | ... AF20: =SUM(AF8:AF19) -> 7425.9091

Sheet 04_Seguimiento
A1: 04 · Seguimiento mensual por canal
A2: Aquí registras el dato real. La tabla de la derecha resume plan anual vs. ejecución real por canal.
R4: Canal | S4: Plan € | T4: Real € | U4: Desv. € | V4: ROAS | W4: Leads | X4: Clientes | Y4: Ingresos | Z4: Cumpl. ingresos
R5: SEO/Contenido | S5: =SUMIFS('03_Plan_Anual'!$K$8:$K$19,'03_Plan_Anual'!$D$8:$D$19,R5) -> 5400 | T5: =SUMIFS($C$8:$C$103,$B$8:$B$103,R5) -> 5518 | U5: =T5-S5 -> 118 | V5: =IFERROR(SUMIFS($I$8:$I$103,$B$8:$B$103,R5)/SUMIFS($C$8:$C$103,$B$8:$B$103,R5),0) -> 1.6603842 | W5: =SUMIFS($G$8:$G$103,$B$8:$B$103,R5) -> 348 | X5: =SUMIFS($H$8:$H$103,$B$8:$B$103,R5) -> 38 | Y5: =SUMIFS($I$8:$I$103,$B$8:$B$103,R5) -> 9162 | Z5: =IFERROR(Y5/SUMIFS('03_Plan_Anual'!$P$8:$P$19,'03_Plan_Anual'!$D$8:$D$19,R5),0) -> 0.8877907
R6: Email | S6: =SUMIFS('03_Plan_Anual'!$K$8:$K$19,'03_Plan_Anual'!$D$8:$D$19,R6) -> 4200 | T6: =SUMIFS($C$8:$C$103,$B$8:$B$103,R6) -> 4181 | U6: =T6-S6 -> -19 | V6: =IFERROR(SUMIFS($I$8:$I$103,$B$8:$B$103,R6)/SUMIFS($C$8:$C$103,$B$8:$B$103,R6),0) -> 2.1509208 | W6: =SUMIFS($G$8:$G$103,$B$8:$B$103,R6) -> 173 | X6: =SUMIFS($H$8:$H$103,$B$8:$B$103,R6) -> 37 | Y6: =SUMIFS($I$8:$I$103,$B$8:$B$103,R6) -> 8993 | Z6: =IFERROR(Y6/SUMIFS('03_Plan_Anual'!$P$8:$P$19,'03_Plan_Anual'!$D$8:$D$19,R6),0) -> 0.93677083
A7: Mes | B7: Canal | C7: Gasto real | D7: Impresiones | E7: Clics | F7: Sesiones | G7: Leads | H7: Clientes | I7: Ingresos | J7: CTR | K7: CPC | L7: CVR visita→lead | M7: CVR lead→cliente | N7: CPA | O7: ROAS | P7: Nota | R7: Meta Ads | S7: =SUMIFS('03_Plan_Anual'!$K$8:$K$19,'03_Plan_Anual'!$D$8:$D$19,R7) -> 17500 | T7: =SUMIFS($C$8:$C$103,$B$8:$B$103,R7) -> 17831 | U7: =T7-S7 -> 331 | V7: =IFERROR(SUMIFS($I$8:$I$103,$B$8:$B$103,R7)/SUMIFS($C$8:$C$103,$B$8:$B$103,R7),0) -> 1.289608 | W7: =SUMIFS($G$8:$G$103,$B$8:$B$103,R7) -> 948 | X7: =SUMIFS($H$8:$H$103,$B$8:$B$103,R7) -> 95 | Y7: =SUMIFS($I$8:$I$103,$B$8:$B$103,R7) -> 22995 | Z7: =IFERROR(Y7/SUMIFS('03_Plan_Anual'!$P$8:$P$19,'03_Plan_Anual'!$D$8:$D$19,R7),0) -> 1.0302419
A8: Ene | B8: SEO/Contenido | C8: 0 | D8: 0 | E8: 0 | F8: 0 | G8: 0 | H8: 0 | I8: 0 | J8: =IFERROR(E8/D8,0) -> 0 | K8: =IFERROR(C8/E8,0) -> 0 | L8: =IFERROR(G8/F8,0) -> 0 | M8: =IFERROR(H8/G8,0) -> 0 | N8: =IFERROR(C8/H8,0) -> 0 | O8: =IFERROR(I8/C8,0) -> 0 | R8: Google Ads | S8: =SUMIFS('03_Plan_Anual'!$K$8:$K$19,'03_Plan_Anual'!$D$8:$D$19,R8) -> 13900 | T8: =SUMIFS($C$8:$C$103,$B$8:$B$103,R8) -> 13872 | U8: =T8-S8 -> -28 | V8: =IFERROR(SUMIFS($I$8:$I$103,$B$8:$B$103,R8)/SUMIFS($C$8:$C$103,$B$8:$B$103,R8),0) -> 1.4801759 | W8: =SUMIFS($G$8:$G$103,$B$8:$B$103,R8) -> 695 | X8: =SUMIFS($H$8:$H$103,$B$8:$B$103,R8) -> 85 | Y8: =SUMIFS($I$8:$I$103,$B$8:$B$103,R8) -> 20533 | Z8: =IFERROR(Y8/SUMIFS('03_Plan_Anual'!$P$8:$P$19,'03_Plan_Anual'!$D$8:$D$19,R8),0) -> 1.0562243
A9: Ene | B9: Email | C9: 357 | D9: 6281 | E9: 201 | F9: 191 | G9: 13 | H9: 3 | I9: 715 | J9: =IFERROR(E9/D9,0) -> 0.032001274 | K9: =IFERROR(C9/E9,0) -> 1.7761194 | L9: =IFERROR(G9/F9,0) -> 0.068062827 | M9: =IFERROR(H9/G9,0) -> 0.23076923 | N9: =IFERROR(C9/H9,0) -> 119 | O9: =IFERROR(I9/C9,0) -> 2.0028011 | R9: Influencers | S9: =SUMIFS('03_Plan_Anual'!$K$8:$K$19,'03_Plan_Anual'!$D$8:$D$19,R9) -> 7200 | T9: =SUMIFS($C$8:$C$103,$B$8:$B$103,R9) -> 6873 | U9: =T9-S9 -> -327 | V9: =IFERROR(SUMIFS($I$8:$I$103,$B$8:$B$103,R9)/SUMIFS($C$8:$C$103,$B$8:$B$103,R9),0) -> 1.2215917 | W9: =SUMIFS($G$8:$G$103,$B$8:$B$103,R9) -> 344 | X9: =SUMIFS($H$8:$H$103,$B$8:$B$103,R9) -> 35 | Y9: =SUMIFS($I$8:$I$103,$B$8:$B$103,R9) -> 8396 | Z9: =IFERROR(Y9/SUMIFS('03_Plan_Anual'!$P$8:$P$19,'03_Plan_Anual'!$D$8:$D$19,R9),0) -> 1.0289216
A10: Ene | B10: Meta Ads | C10: 3498 | D10: 214000 | E10: 2996 | F10: 2756 | G10: 229 | H10: 23 | I10: 5549 | J10: =IFERROR(E10/D10,0) -> 0.014 | K10: =IFERROR(C10/E10,0) -> 1.1675567 | L10: =IFERROR(G10/F10,0) -> 0.083091437 | M10: =IFERROR(H10/G10,0) -> 0.10043668 | N10: =IFERROR(C10/H10,0) -> 152.08696 | O10: =IFERROR(I10/C10,0) -> 1.586335 | R10: PR/Eventos | S10: =SUMIFS('03_Plan_Anual'!$K$8:$K$19,'03_Plan_Anual'!$D$8:$D$19,R10) -> 6600 | T10: =SUMIFS($C$8:$C$103,$B$8:$B$103,R10) -> 6634 | U10: =T10-S10 -> 34 | V10: =IFERROR(SUMIFS($I$8:$I$103,$B$8:$B$103,R10)/SUMIFS($C$8:$C$103,$B$8:$B$103,R10),0) -> 1.1730479 | W10: =SUMIFS($G$8:$G$103,$B$8:$B$103,R10) -> 199 | X10: =SUMIFS($H$8:$H$103,$B$8:$B$103,R10) -> 32 | Y10: =SUMIFS($I$8:$I$103,$B$8:$B$103,R10) -> 7782 | Z10: =IFERROR(Y10/SUMIFS('03_Plan_Anual'!$P$8:$P$19,'03_Plan_Anual'!$D$8:$D$19,R10),0) -> 0.90069444
A11: Ene | B11: Google Ads | C11: 0 | D11: 0 | E11: 0 | F11: 0 | G11: 0 | H11: 0 | I11: 0 | J11: =IFERROR(E11/D11,0) -> 0 | K11: =IFERROR(C11/E11,0) -> 0 | L11: =IFERROR(G11/F11,0) -> 0 | M11: =IFERROR(H11/G11,0) -> 0 | N11: =IFERROR(C11/H11,0) -> 0 | O11: =IFERROR(I11/C11,0) -> 0 | R11: Afiliados | S11: =SUMIFS('03_Plan_Anual'!$K$8:$K$19,'03_Plan_Anual'!$D$8:$D$19,R11) -> 3000 | T11: =SUMIFS($C$8:$C$103,$B$8:$B$103,R11) -> 2916 | U11: =T11-S11 -> -84 | V11: =IFERROR(SUMIFS($I$8:$I$103,$B$8:$B$103,R11)/SUMIFS($C$8:$C$103,$B$8:$B$103,R11),0) -> 3.4245542 | W11: =SUMIFS($G$8:$G$103,$B$8:$B$103,R11) -> 208 | X11: =SUMIFS($H$8:$H$103,$B$8:$B$103,R11) -> 41 | Y11: =SUMIFS($I$8:$I$103,$B$8:$B$103,R11) -> 9986 | Z11: =IFERROR(Y11/SUMIFS('03_Plan_Anual'!$P$8:$P$19,'03_Plan_Anual'!$D$8:$D$19,R11),0) -> 0.9906746
A12: Ene | B12: Influencers | C12: 0 | D12: 0 | E12: 0 | F12: 0 | G12: 0 | H12: 0 | I12: 0 | J12: =IFERROR(E12/D12,0) -> 0 | K12: =IFERROR(C12/E12,0) -> 0 | L12: =IFERROR(G12/F12,0) -> 0 | M12: =IFERROR(H12/G12,0) -> 0 | N12: =IFERROR(C12/H12,0) -> 0 | O12: =IFERROR(I12/C12,0) -> 0 | R12: Web/CRO | S12: =SUMIFS('03_Plan_Anual'!$K$8:$K$19,'03_Plan_Anual'!$D$8:$D$19,R12) -> 2500 | T12: =SUMIFS($C$8:$C$103,$B$8:$B$103,R12) -> 2432 | U12: =T12-S12 -> -68 | V12: =IFERROR(SUMIFS($I$8:$I$103,$B$8:$B$103,R12)/SUMIFS($C$8:$C$103,$B$8:$B$103,R12),0) -> 2.7216283 | W12: =SUMIFS($G$8:$G$103,$B$8:$B$103,R12) -> 107 | X12: =SUMIFS($H$8:$H$103,$B$8:$B$103,R12) -> 27 | Y12: =SUMIFS($I$8:$I$103,$B$8:$B$103,R12) -> 6619 | Z12: =IFERROR(Y12/SUMIFS('03_Plan_Anual'!$P$8:$P$19,'03_Plan_Anual'!$D$8:$D$19,R12),0) -> 0.95100575
A13: Ene | B13: PR/Eventos | C13: 0 | D13: 0 | E13: 0 | F13: 0 | G13: 0 | H13: 0 | I13: 0 | J13: =IFERROR(E13/D13,0) -> 0 | K13: =IFERROR(C13/E13,0) -> 0 | L13: =IFERROR(G13/F13,0) -> 0 | M13: =IFERROR(H13/G13,0) -> 0 | N13: =IFERROR(C13/H13,0) -> 0 | O13: =IFERROR(I13/C13,0) -> 0
A14: Ene | B14: Afiliados | C14: 0 | D14: 0 | E14: 0 | F14: 0 | G14: 0 | H14: 0 | I14: 0 | J14: =IFERROR(E14/D14,0) -> 0 | K14: =IFERROR(C14/E14,0) -> 0 | L14: =IFERROR(G14/F14,0) -> 0 | M14: =IFERROR(H14/G14,0) -> 0 | N14: =IFERROR(C14/H14,0) -> 0 | O14: =IFERROR(I14/C14,0) -> 0
A15: Ene | B15: Web/CRO | C15: 0 | D15: 0 | E15: 0 | F15: 0 | G15: 0 | H15: 0 | I15: 0 | J15: =IFERROR(E15/D15,0) -> 0 | K15: =IFERROR(C15/E15,0) -> 0 | L15: =IFERROR(G15/F15,0) -> 0 | M15: =IFERROR(H15/G15,0) -> 0 | N15: =IFERROR(C15/H15,0) -> 0 | O15: =IFERROR(I15/C15,0) -> 0
A16: Feb | B16: SEO/Contenido | C16: 456 | D16: 21556 | E16: 970 | F16: 931 | G16: 32 | H16: 3 | I16: 714 | J16: =IFERROR(E16/D16,0) -> 0.044999072 | K16: =IFERROR(C16/E16,0) -> 0.47010309 | L16: =IFERROR(G16/F16,0) -> 0.034371643 | M16: =IFERROR(H16/G16,0) -> 0.09375 | N16: =IFERROR(C16/H16,0) -> 152 | O16: =IFERROR(I16/C16,0) -> 1.5657895
A17: Feb | B17: Email | C17: 350 | D17: 6312 | E17: 202 | F17: 192 | G17: 14 | H17: 3 | I17: 741 | J17: =IFERROR(E17/D17,0) -> 0.032002535 | K17: =IFERROR(C17/E17,0) -> 1.7326733 | L17: =IFERROR(G17/F17,0) -> 0.072916667 | M17: =IFERROR(H17/G17,0) -> 0.21428571 | N17: =IFERROR(C17/H17,0) -> 116.66667 | O17: =IFERROR(I17/C17,0) -> 2.1171429
A18: Feb | B18: Meta Ads | C18: 3595 | D18: 221357 | E18: 3099 | F18: 2851 | G18: 218 | H18: 22 | I18: 5224 | J18: =IFERROR(E18/D18,0) -> 0.014000009 | K18: =IFERROR(C18/E18,0) -> 1.1600516 | L18: =IFERROR(G18/F18,0) -> 0.076464398 | M18: =IFERROR(H18/G18,0) -> 0.10091743 | N18: =IFERROR(C18/H18,0) -> 163.40909 | O18: =IFERROR(I18/C18,0) -> 1.4531293
A19: Feb | B19: Google Ads | C19: 0 | D19: 0 | E19: 0 | F19: 0 | G19: 0 | H19: 0 | I19: 0 | J19: =IFERROR(E19/D19,0) -> 0 | K19: =IFERROR(C19/E19,0) -> 0 | L19: =IFERROR(G19/F19,0) -> 0 | M19: =IFERROR(H19/G19,0) -> 0 | N19: =IFERROR(C19/H19,0) -> 0 | O19: =IFERROR(I19/C19,0) -> 0
A20: Feb | B20: Influencers | C20: 0 | D20: 0 | E20: 0 | F20: 0 | G20: 0 | H20: 0 | I20: 0 | J20: =IFERROR(E20/D20,0) -> 0 | K20: =IFERROR(C20/E20,0) -> 0 | L20: =IFERROR(G20/F20,0) -> 0 | M20: =IFERROR(H20/G20,0) -> 0 | N20: =IFERROR(C20/H20,0) -> 0 | O20: =IFERROR(I20/C20,0) -> 0
A21: Feb | B21: PR/Eventos | C21: 0 | D21: 0 | E21: 0 | F21: 0 | G21: 0 | H21: 0 | I21: 0 | J21: =IFERROR(E21/D21,0) -> 0 | K21: =IFERROR(C21/E21,0) -> 0 | L21: =IFERROR(G21/F21,0) -> 0 | M21: =IFERROR(H21/G21,0) -> 0 | N21: =IFERROR(C21/H21,0) -> 0 | O21: =IFERROR(I21/C21,0) -> 0
A22: Feb | B22: Afiliados | C22: 0 | D22: 0 | E22: 0 | F22: 0 | G22: 0 | H22: 0 | I22: 0 | J22: =IFERROR(E22/D22,0) -> 0 | K22: =IFERROR(C22/E22,0) -> 0 | L22: =IFERROR(G22/F22,0) -> 0 | M22: =IFERROR(H22/G22,0) -> 0 | N22: =IFERROR(C22/H22,0) -> 0 | O22: =IFERROR(I22/C22,0) -> 0
A23: Feb | B23: Web/CRO | C23: 0 | D23: 0 | E23: 0 | F23: 0 | G23: 0 | H23: 0 | I23: 0 | J23: =IFERROR(E23/D23,0) -> 0 | K23: =IFERROR(C23/E23,0) -> 0 | L23: =IFERROR(G23/F23,0) -> 0 | M23: =IFERROR(H23/G23,0) -> 0 | N23: =IFERROR(C23/H23,0) -> 0 | O23: =IFERROR(I23/C23,0) -> 0
A24: Mar | B24: SEO/Contenido | C24: 468 | D24: 19444 | E24: 875 | F24: 840 | G24: 29 | H24: 3 | I24: 742 | J24: =IFERROR(E24/D24,0) -> 0.045001029 | K24: =IFERROR(C24/E24,0) -> 0.53485714 | L24: =IFERROR(G24/F24,0) -> 0.03452381 | M24: =IFERROR(H24/G24,0) -> 0.10344828 | N24: =IFERROR(C24/H24,0) -> 156 | O24: =IFERROR(I24/C24,0) -> 1.5854701
... A31: Mar | B31: Web/CRO | C31: 0 | D31: 0 | E31: 0 | F31: 0 | G31: 0 | H31: 0 | I31: 0 | J31: =IFERROR(E31/D31,0) -> 0 | K31: =IFERROR(C31/E31,0) -> 0 | L31: =IFERROR(G31/F31,0) -> 0 | M31: =IFERROR(H31/G31,0) -> 0 | N31: =IFERROR(C31/H31,0) -> 0 | O31: =IFERROR(I31/C31,0) -> 0
A32: Abr | B32: SEO/Contenido | C32: 508 | D32: 17911 | E32: 806 | F32: 774 | G32: 28 | H32: 3 | I32: 718 | J32: =IFERROR(E32/D32,0) -> 0.045000279 | K32: =IFERROR(C32/E32,0) -> 0.63027295 | L32: =IFERROR(G32/F32,0) -> 0.036175711 | M32: =IFERROR(H32/G32,0) -> 0.10714286 | N32: =IFERROR(C32/H32,0) -> 169.33333 | O32: =IFERROR(I32/C32,0) -> 1.4133858 | P32: Aumento por posicionamiento de nuevos artículos
A33: Abr | B33: Email | C33: 326 | D33: 6062 | E33: 194 | F33: 184 | G33: 13 | H33: 3 | I33: 733 | J33: =IFERROR(E33/D33,0) -> 0.032002639 | K33: =IFERROR(C33/E33,0) -> 1.6804124 | L33: =IFERROR(G33/F33,0) -> 0.070652174 | M33: =IFERROR(H33/G33,0) -> 0.23076923 | N33: =IFERROR(C33/H33,0) -> 108.66667 | O33: =IFERROR(I33/C33,0) -> 2.2484663
A34: Abr | B34: Meta Ads | C34: 0 | D34: 0 | E34: 0 | F34: 0 | G34: 0 | H34: 0 | I34: 0 | J34: =IFERROR(E34/D34,0) -> 0 | K34: =IFERROR(C34/E34,0) -> 0 | L34: =IFERROR(G34/F34,0) -> 0 | M34: =IFERROR(H34/G34,0) -> 0 | N34: =IFERROR(C34/H34,0) -> 0 | O34: =IFERROR(I34/C34,0) -> 0
A35: Abr | B35: Google Ads | C35: 923 | D35: 10421 | E35: 396 | F35: 372 | G35: 42 | H35: 5 | I35: 1243 | J35: =IFERROR(E35/D35,0) -> 0.038000192 | K35: =IFERROR(C35/E35,0) -> 2.3308081 | L35: =IFERROR(G35/F35,0) -> 0.11290323 | M35: =IFERROR(H35/G35,0) -> 0.11904762 | N35: =IFERROR(C35/H35,0) -> 184.6 | O35: =IFERROR(I35/C35,0) -> 1.3466956
A36: Abr | B36: Influencers | C36: 2434 | D36: 71167 | E36: 1281 | F36: 1127 | G36: 102 | H36: 11 | I36: 2613 | J36: =IFERROR(E36/D36,0) -> 0.017999916 | K36: =IFERROR(C36/E36,0) -> 1.9000781 | L36: =IFERROR(G36/F36,0) -> 0.090505768 | M36: =IFERROR(H36/G36,0) -> 0.10784314 | N36: =IFERROR(C36/H36,0) -> 221.27273 | O36: =IFERROR(I36/C36,0) -> 1.0735415
A37: Abr | B37: PR/Eventos | C37: 0 | D37: 0 | E37: 0 | F37: 0 | G37: 0 | H37: 0 | I37: 0 | J37: =IFERROR(E37/D37,0) -> 0 | K37: =IFERROR(C37/E37,0) -> 0 | L37: =IFERROR(G37/F37,0) -> 0 | M37: =IFERROR(H37/G37,0) -> 0 | N37: =IFERROR(C37/H37,0) -> 0 | O37: =IFERROR(I37/C37,0) -> 0
A38: Abr | B38: Afiliados | C38: 0 | D38: 0 | E38: 0 | F38: 0 | G38: 0 | H38: 0 | I38: 0 | J38: =IFERROR(E38/D38,0) -> 0 | K38: =IFERROR(C38/E38,0) -> 0 | L38: =IFERROR(G38/F38,0) -> 0 | M38: =IFERROR(H38/G38,0) -> 0 | N38: =IFERROR(C38/H38,0) -> 0 | O38: =IFERROR(I38/C38,0) -> 0
A39: Abr | B39: Web/CRO | C39: 0 | D39: 0 | E39: 0 | F39: 0 | G39: 0 | H39: 0 | I39: 0 | J39: =IFERROR(E39/D39,0) -> 0 | K39: =IFERROR(C39/E39,0) -> 0 | L39: =IFERROR(G39/F39,0) -> 0 | M39: =IFERROR(H39/G39,0) -> 0 | N39: =IFERROR(C39/H39,0) -> 0 | O39: =IFERROR(I39/C39,0) -> 0
A40: May | B40: SEO/Contenido | C40: 539 | D40: 22622 | E40: 1018 | F40: 977 | G40: 33 | H40: 4 | I40: 980 | J40: =IFERROR(E40/D40,0) -> 0.045000442 | K40: =IFERROR(C40/E40,0) -> 0.52946955 | L40: =IFERROR(G40/F40,0) -> 0.033776868 | M40: =IFERROR(H40/G40,0) -> 0.12121212 | N40: =IFERROR(C40/H40,0) -> 134.75 | O40: =IFERROR(I40/C40,0) -> 1.8181818 | P40: Aumento por posicionamiento de nuevos artículos
A41: May | B41: Email | C41: 368 | D41: 6469 | E41: 207 | F41: 197 | G41: 14 | H41: 3 | I41: 719 | J41: =IFERROR(E41/D41,0) -> 0.031998763 | K41: =IFERROR(C41/E41,0) -> 1.7777778 | L41: =IFERROR(G41/F41,0) -> 0.07106599 | M41: =IFERROR(H41/G41,0) -> 0.21428571 | N41: =IFERROR(C41/H41,0) -> 122.66667 | O41: =IFERROR(I41/C41,0) -> 1.9538043
A42: May | B42: Meta Ads | C42: 0 | D42: 0 | E42: 0 | F42: 0 | G42: 0 | H42: 0 | I42: 0 | J42: =IFERROR(E42/D42,0) -> 0 | K42: =IFERROR(C42/E42,0) -> 0 | L42: =IFERROR(G42/F42,0) -> 0 | M42: =IFERROR(H42/G42,0) -> 0 | N42: =IFERROR(C42/H42,0) -> 0 | O42: =IFERROR(I42/C42,0) -> 0
A43: May | B43: Google Ads | C43: 889 | D43: 12658 | E43: 481 | F43: 452 | G43: 51 | H43: 6 | I43: 1438 | J43: =IFERROR(E43/D43,0) -> 0.037999684 | K43: =IFERROR(C43/E43,0) -> 1.8482328 | L43: =IFERROR(G43/F43,0) -> 0.11283186 | M43: =IFERROR(H43/G43,0) -> 0.11764706 | N43: =IFERROR(C43/H43,0) -> 148.16667 | O43: =IFERROR(I43/C43,0) -> 1.6175478
A44: May | B44: Influencers | C44: 2321 | D44: 85444 | E44: 1538 | F44: 1353 | G44: 124 | H44: 12 | I44: 2868 | J44: =IFERROR(E44/D44,0) -> 0.018000094 | K44: =IFERROR(C44/E44,0) -> 1.5091027 | L44: =IFERROR(G44/F44,0) -> 0.091648189 | M44: =IFERROR(H44/G44,0) -> 0.096774194 | N44: =IFERROR(C44/H44,0) -> 193.41667 | O44: =IFERROR(I44/C44,0) -> 1.2356743
A45: May | B45: PR/Eventos | C45: 1907 | D45: 35800 | E45: 358 | F45: 304 | G45: 55 | H45: 9 | I45: 2233 | J45: =IFERROR(E45/D45,0) -> 0.01 | K45: =IFERROR(C45/E45,0) -> 5.3268156 | L45: =IFERROR(G45/F45,0) -> 0.18092105 | M45: =IFERROR(H45/G45,0) -> 0.16363636 | N45: =IFERROR(C45/H45,0) -> 211.88889 | O45: =IFERROR(I45/C45,0) -> 1.1709491
A46: May | B46: Afiliados | C46: 0 | D46: 0 | E46: 0 | F46: 0 | G46: 0 | H46: 0 | I46: 0 | J46: =IFERROR(E46/D46,0) -> 0 | K46: =IFERROR(C46/E46,0) -> 0 | L46: =IFERROR(G46/F46,0) -> 0 | M46: =IFERROR(H46/G46,0) -> 0 | N46: =IFERROR(C46/H46,0) -> 0 | O46: =IFERROR(I46/C46,0) -> 0
A47: May | B47: Web/CRO | C47: 0 | D47: 0 | E47: 0 | F47: 0 | G47: 0 | H47: 0 | I47: 0 | J47: =IFERROR(E47/D47,0) -> 0 | K47: =IFERROR(C47/E47,0) -> 0 | L47: =IFERROR(G47/F47,0) -> 0 | M47: =IFERROR(H47/G47,0) -> 0 | N47: =IFERROR(C47/H47,0) -> 0 | O47: =IFERROR(I47/C47,0) -> 0
A48: Jun | B48: SEO/Contenido | C48: 456 | D48: 23578 | E48: 1061 | F48: 1019 | G48: 37 | H48: 4 | I48: 946 | J48: =IFERROR(E48/D48,0) -> 0.044999576 | K48: =IFERROR(C48/E48,0) -> 0.42978322 | L48: =IFERROR(G48/F48,0) -> 0.036310108 | M48: =IFERROR(H48/G48,0) -> 0.10810811 | N48: =IFERROR(C48/H48,0) -> 114 | O48: =IFERROR(I48/C48,0) -> 2.0745614
A49: Jun | B49: Email | C49: 316 | D49: 6812 | E49: 218 | F49: 207 | G49: 15 | H49: 3 | I49: 724 | J49: =IFERROR(E49/D49,0) -> 0.032002349 | K49: =IFERROR(C49/E49,0) -> 1.4495413 | L49: =IFERROR(G49/F49,0) -> 0.072463768 | M49: =IFERROR(H49/G49,0) -> 0.2 | N49: =IFERROR(C49/H49,0) -> 105.33333 | O49: =IFERROR(I49/C49,0) -> 2.2911392
A50: Jun | B50: Meta Ads | C50: 0 | D50: 0 | E50: 0 | F50: 0 | G50: 0 | H50: 0 | I50: 0 | J50: =IFERROR(E50/D50,0) -> 0 | K50: =IFERROR(C50/E50,0) -> 0 | L50: =IFERROR(G50/F50,0) -> 0 | M50: =IFERROR(H50/G50,0) -> 0 | N50: =IFERROR(C50/H50,0) -> 0 | O50: =IFERROR(I50/C50,0) -> 0
A51: Jun | B51: Google Ads | C51: 925 | D51: 12868 | E51: 489 | F51: 460 | G51: 51 | H51: 6 | I51: 1495 | J51: =IFERROR(E51/D51,0) -> 0.038001243 | K51: =IFERROR(C51/E51,0) -> 1.8916155 | L51: =IFERROR(G51/F51,0) -> 0.11086957 | M51: =IFERROR(H51/G51,0) -> 0.11764706 | N51: =IFERROR(C51/H51,0) -> 154.16667 | O51: =IFERROR(I51/C51,0) -> 1.6162162
A52: Jun | B52: Influencers | C52: 2118 | D52: 81444 | E52: 1466 | F52: 1290 | G52: 118 | H52: 12 | I52: 2915 | J52: =IFERROR(E52/D52,0) -> 0.018000098 | K52: =IFERROR(C52/E52,0) -> 1.4447476 | L52: =IFERROR(G52/F52,0) -> 0.091472868 | M52: =IFERROR(H52/G52,0) -> 0.10169492 | N52: =IFERROR(C52/H52,0) -> 176.5 | O52: =IFERROR(I52/C52,0) -> 1.3762984
... A78: Sep | B78: Afiliados | C78: 543 | D78: 15520 | E78: 388 | F78: 361 | G78: 35 | H78: 7 | I78: 1725 | J78: =IFERROR(E78/D78,0) -> 0.025 | K78: =IFERROR(C78/E78,0) -> 1.3994845 | L78: =IFERROR(G78/F78,0) -> 0.096952909 | M78: =IFERROR(H78/G78,0) -> 0.2 | N78: =IFERROR(C78/H78,0) -> 77.571429 | O78: =IFERROR(I78/C78,0) -> 3.1767956
A79: Sep | B79: Web/CRO | C79: 576 | D79: 8020 | E79: 401 | F79: 401 | G79: 24 | H79: 6 | I79: 1448 | J79: =IFERROR(E79/D79,0) -> 0.05 | K79: =IFERROR(C79/E79,0) -> 1.436409 | L79: =IFERROR(G79/F79,0) -> 0.059850374 | M79: =IFERROR(H79/G79,0) -> 0.25 | N79: =IFERROR(C79/H79,0) -> 96 | O79: =IFERROR(I79/C79,0) -> 2.5138889 | P79: Test A/B activo en checkout
A80: Oct | B80: SEO/Contenido | C80: 511 | D80: 22400 | E80: 1008 | F80: 968 | G80: 34 | H80: 4 | I80: 946 | J80: =IFERROR(E80/D80,0) -> 0.045 | K80: =IFERROR(C80/E80,0) -> 0.50694444 | L80: =IFERROR(G80/F80,0) -> 0.035123967 | M80: =IFERROR(H80/G80,0) -> 0.11764706 | N80: =IFERROR(C80/H80,0) -> 127.75 | O80: =IFERROR(I80/C80,0) -> 1.851272
A81: Oct | B81: Email | C81: 334 | D81: 7531 | E81: 241 | F81: 229 | G81: 16 | H81: 3 | I81: 714 | J81: =IFERROR(E81/D81,0) -> 0.032001062 | K81: =IFERROR(C81/E81,0) -> 1.3858921 | L81: =IFERROR(G81/F81,0) -> 0.069868996 | M81: =IFERROR(H81/G81,0) -> 0.1875 | N81: =IFERROR(C81/H81,0) -> 111.33333 | O81: =IFERROR(I81/C81,0) -> 2.1377246
A82: Oct | B82: Meta Ads | C82: 3016 | D82: 134857 | E82: 1888 | F82: 1737 | G82: 139 | H82: 14 | I82: 3479 | J82: =IFERROR(E82/D82,0) -> 0.014000015 | K82: =IFERROR(C82/E82,0) -> 1.5974576 | L82: =IFERROR(G82/F82,0) -> 0.080023028 | M82: =IFERROR(H82/G82,0) -> 0.10071942 | N82: =IFERROR(C82/H82,0) -> 215.42857 | O82: =IFERROR(I82/C82,0) -> 1.1535146
A83: Oct | B83: Google Ads | C83: 1027 | D83: 11579 | E83: 440 | F83: 414 | G83: 46 | H83: 5 | I83: 1248 | J83: =IFERROR(E83/D83,0) -> 0.037999827 | K83: =IFERROR(C83/E83,0) -> 2.3340909 | L83: =IFERROR(G83/F83,0) -> 0.11111111 | M83: =IFERROR(H83/G83,0) -> 0.10869565 | N83: =IFERROR(C83/H83,0) -> 205.4 | O83: =IFERROR(I83/C83,0) -> 1.2151899
A84: Oct | B84: Influencers | C84: 0 | D84: 0 | E84: 0 | F84: 0 | G84: 0 | H84: 0 | I84: 0 | J84: =IFERROR(E84/D84,0) -> 0 | K84: =IFERROR(C84/E84,0) -> 0 | L84: =IFERROR(G84/F84,0) -> 0 | M84: =IFERROR(H84/G84,0) -> 0 | N84: =IFERROR(C84/H84,0) -> 0 | O84: =IFERROR(I84/C84,0) -> 0
A85: Oct | B85: PR/Eventos | C85: 1530 | D85: 32800 | E85: 328 | F85: 279 | G85: 50 | H85: 8 | I85: 1901 | J85: =IFERROR(E85/D85,0) -> 0.01 | K85: =IFERROR(C85/E85,0) -> 4.6646341 | L85: =IFERROR(G85/F85,0) -> 0.17921147 | M85: =IFERROR(H85/G85,0) -> 0.16 | N85: =IFERROR(C85/H85,0) -> 191.25 | O85: =IFERROR(I85/C85,0) -> 1.2424837
A86: Oct | B86: Afiliados | C86: 464 | D86: 15360 | E86: 384 | F86: 357 | G86: 34 | H86: 6 | I86: 1444 | J86: =IFERROR(E86/D86,0) -> 0.025 | K86: =IFERROR(C86/E86,0) -> 1.2083333 | L86: =IFERROR(G86/F86,0) -> 0.095238095 | M86: =IFERROR(H86/G86,0) -> 0.17647059 | N86: =IFERROR(C86/H86,0) -> 77.333333 | O86: =IFERROR(I86/C86,0) -> 3.112069
A87: Oct | B87: Web/CRO | C87: 586 | D87: 10120 | E87: 506 | F87: 506 | G87: 29 | H87: 7 | I87: 1689 | J87: =IFERROR(E87/D87,0) -> 0.05 | K87: =IFERROR(C87/E87,0) -> 1.1581028 | L87: =IFERROR(G87/F87,0) -> 0.057312253 | M87: =IFERROR(H87/G87,0) -> 0.24137931 | N87: =IFERROR(C87/H87,0) -> 83.714286 | O87: =IFERROR(I87/C87,0) -> 2.8822526 | P87: Test A/B activo en checkout
A88: Nov | B88: SEO/Contenido | C88: 540 | D88: 21533 | E88: 969 | F88: 930 | G88: 33 | H88: 4 | I88: 950 | J88: =IFERROR(E88/D88,0) -> 0.045000697 | K88: =IFERROR(C88/E88,0) -> 0.55727554 | L88: =IFERROR(G88/F88,0) -> 0.035483871 | M88: =IFERROR(H88/G88,0) -> 0.12121212 | N88: =IFERROR(C88/H88,0) -> 135 | O88: =IFERROR(I88/C88,0) -> 1.7592593
A89: Nov | B89: Email | C89: 383 | D89: 6812 | E89: 218 | F89: 207 | G89: 15 | H89: 3 | I89: 738 | J89: =IFERROR(E89/D89,0) -> 0.032002349 | K89: =IFERROR(C89/E89,0) -> 1.7568807 | L89: =IFERROR(G89/F89,0) -> 0.072463768 | M89: =IFERROR(H89/G89,0) -> 0.2 | N89: =IFERROR(C89/H89,0) -> 127.66667 | O89: =IFERROR(I89/C89,0) -> 1.926893
A90: Nov | B90: Meta Ads | C90: 0 | D90: 0 | E90: 0 | F90: 0 | G90: 0 | H90: 0 | I90: 0 | J90: =IFERROR(E90/D90,0) -> 0 | K90: =IFERROR(C90/E90,0) -> 0 | L90: =IFERROR(G90/F90,0) -> 0 | M90: =IFERROR(H90/G90,0) -> 0 | N90: =IFERROR(C90/H90,0) -> 0 | O90: =IFERROR(I90/C90,0) -> 0 | P90: Pico estacional y mayor presión competitiva
A91: Nov | B91: Google Ads | C91: 5305 | D91: 69289 | E91: 2633 | F91: 2475 | G91: 272 | H91: 35 | I91: 8311 | J91: =IFERROR(E91/D91,0) -> 0.03800026 | K91: =IFERROR(C91/E91,0) -> 2.014812 | L91: =IFERROR(G91/F91,0) -> 0.10989899 | M91: =IFERROR(H91/G91,0) -> 0.12867647 | N91: =IFERROR(C91/H91,0) -> 151.57143 | O91: =IFERROR(I91/C91,0) -> 1.5666352 | P91: Pico estacional y mayor presión competitiva
A92: Nov | B92: Influencers | C92: 0 | D92: 0 | E92: 0 | F92: 0 | G92: 0 | H92: 0 | I92: 0 | J92: =IFERROR(E92/D92,0) -> 0 | K92: =IFERROR(C92/E92,0) -> 0 | L92: =IFERROR(G92/F92,0) -> 0 | M92: =IFERROR(H92/G92,0) -> 0 | N92: =IFERROR(C92/H92,0) -> 0 | O92: =IFERROR(I92/C92,0) -> 0
A93: Nov | B93: PR/Eventos | C93: 1257 | D93: 26200 | E93: 262 | F93: 223 | G93: 41 | H93: 7 | I93: 1714 | J93: =IFERROR(E93/D93,0) -> 0.01 | K93: =IFERROR(C93/E93,0) -> 4.7977099 | L93: =IFERROR(G93/F93,0) -> 0.1838565 | M93: =IFERROR(H93/G93,0) -> 0.17073171 | N93: =IFERROR(C93/H93,0) -> 179.57143 | O93: =IFERROR(I93/C93,0) -> 1.363564
A94: Nov | B94: Afiliados | C94: 453 | D94: 16600 | E94: 415 | F94: 386 | G94: 38 | H94: 7 | I94: 1706 | J94: =IFERROR(E94/D94,0) -> 0.025 | K94: =IFERROR(C94/E94,0) -> 1.0915663 | L94: =IFERROR(G94/F94,0) -> 0.098445596 | M94: =IFERROR(H94/G94,0) -> 0.18421053 | N94: =IFERROR(C94/H94,0) -> 64.714286 | O94: =IFERROR(I94/C94,0) -> 3.7660044
A95: Nov | B95: Web/CRO | C95: 608 | D95: 9140 | E95: 457 | F95: 457 | G95: 28 | H95: 7 | I95: 1741 | J95: =IFERROR(E95/D95,0) -> 0.05 | K95: =IFERROR(C95/E95,0) -> 1.3304158 | L95: =IFERROR(G95/F95,0) -> 0.061269147 | M95: =IFERROR(H95/G95,0) -> 0.25 | N95: =IFERROR(C95/H95,0) -> 86.857143 | O95: =IFERROR(I95/C95,0) -> 2.8634868 | P95: Test A/B activo en checkout
A96: Dic | B96: SEO/Contenido | C96: 509 | D96: 19578 | E96: 881 | F96: 846 | G96: 30 | H96: 3 | I96: 735 | J96: =IFERROR(E96/D96,0) -> 0.044999489 | K96: =IFERROR(C96/E96,0) -> 0.57775255 | L96: =IFERROR(G96/F96,0) -> 0.035460993 | M96: =IFERROR(H96/G96,0) -> 0.1 | N96: =IFERROR(C96/H96,0) -> 169.66667 | O96: =IFERROR(I96/C96,0) -> 1.4440079
A97: Dic | B97: Email | C97: 332 | D97: 7906 | E97: 253 | F97: 240 | G97: 16 | H97: 3 | I97: 725 | J97: =IFERROR(E97/D97,0) -> 0.032001012 | K97: =IFERROR(C97/E97,0) -> 1.312253 | L97: =IFERROR(G97/F97,0) -> 0.066666667 | M97: =IFERROR(H97/G97,0) -> 0.1875 | N97: =IFERROR(C97/H97,0) -> 110.66667 | O97: =IFERROR(I97/C97,0) -> 2.1837349
A98: Dic | B98: Meta Ads | C98: 4946 | D98: 211714 | E98: 2964 | F98: 2727 | G98: 209 | H98: 21 | I98: 5019 | J98: =IFERROR(E98/D98,0) -> 0.014000019 | K98: =IFERROR(C98/E98,0) -> 1.668691 | L98: =IFERROR(G98/F98,0) -> 0.076640997 | M98: =IFERROR(H98/G98,0) -> 0.10047847 | N98: =IFERROR(C98/H98,0) -> 235.52381 | O98: =IFERROR(I98/C98,0) -> 1.0147594 | P98: Pico estacional y mayor presión competitiva
A99: Dic | B99: Google Ads | C99: 1031 | D99: 12605 | E99: 479 | F99: 450 | G99: 50 | H99: 6 | I99: 1425 | J99: =IFERROR(E99/D99,0) -> 0.038000793 | K99: =IFERROR(C99/E99,0) -> 2.1524008 | L99: =IFERROR(G99/F99,0) -> 0.11111111 | M99: =IFERROR(H99/G99,0) -> 0.12 | N99: =IFERROR(C99/H99,0) -> 171.83333 | O99: =IFERROR(I99/C99,0) -> 1.3821532 | P99: Pico estacional y mayor presión competitiva
A100: Dic | B100: Influencers | C100: 0 | D100: 0 | E100: 0 | F100: 0 | G100: 0 | H100: 0 | I100: 0 | J100: =IFERROR(E100/D100,0) -> 0 | K100: =IFERROR(C100/E100,0) -> 0 | L100: =IFERROR(G100/F100,0) -> 0 | M100: =IFERROR(H100/G100,0) -> 0 | N100: =IFERROR(C100/H100,0) -> 0 | O100: =IFERROR(I100/C100,0) -> 0
A101: Dic | B101: PR/Eventos | C101: 0 | D101: 0 | E101: 0 | F101: 0 | G101: 0 | H101: 0 | I101: 0 | J101: =IFERROR(E101/D101,0) -> 0 | K101: =IFERROR(C101/E101,0) -> 0 | L101: =IFERROR(G101/F101,0) -> 0 | M101: =IFERROR(H101/G101,0) -> 0 | N101: =IFERROR(C101/H101,0) -> 0 | O101: =IFERROR(I101/C101,0) -> 0
A102: Dic | B102: Afiliados | C102: 517 | D102: 14880 | E102: 372 | F102: 346 | G102: 36 | H102: 8 | I102: 1957 | J102: =IFERROR(E102/D102,0) -> 0.025 | K102: =IFERROR(C102/E102,0) -> 1.3897849 | L102: =IFERROR(G102/F102,0) -> 0.10404624 | M102: =IFERROR(H102/G102,0) -> 0.22222222 | N102: =IFERROR(C102/H102,0) -> 64.625 | O102: =IFERROR(I102/C102,0) -> 3.7852998
A103: Dic | B103: Web/CRO | C103: 662 | D103: 8420 | E103: 421 | F103: 421 | G103: 26 | H103: 7 | I103: 1741 | J103: =IFERROR(E103/D103,0) -> 0.05 | K103: =IFERROR(C103/E103,0) -> 1.5724466 | L103: =IFERROR(G103/F103,0) -> 0.06175772 | M103: =IFERROR(H103/G103,0) -> 0.26923077 | N103: =IFERROR(C103/H103,0) -> 94.571429 | O103: =IFERROR(I103/C103,0) -> 2.6299094 | P103: Test A/B activo en checkout
